 Dungeon Crawl Stone Soup version 0.29.0-7-g18a832c13a (webtiles) character file.

Game seed: 14595974508737194118

817 jt the Trooper (level 7, -1/57 (60) HPs)
             Began as a Palentonga Venom Mage on Aug 31, 2022.
             Was a Priest of Ru.
             Slain by Menkaure (17 damage)
             ... on level 6 of the Dungeon.
             The game lasted 00:09:47 (4597 turns).

jt the Trooper (Palentonga Venom Mage)              Turns: 4597, Time: 00:09:48

HP:   -1/57 (60)    AC: 22    Str: 15    XL:     7   Next: 62%
MP:   10/10         EV:  7    Int: 16    God:    Ru [***...]
Gold: 206           SH:  0    Dex: 10    Spells: 7/10 levels left

rFire   . . .      SeeInvis +   a - +0 war axe
rCold   . . .      Faith    .   (no shield)
rNeg    . . .      Spirit   .   p - +5 scale mail
rPois   .          Reflect  .   (no helmet)
rElec   .          Harm     .   (no cloak)
rCorr   .          Rampage  .   (no gloves)
Will    .....                   (no barding)
Stlth   ..........              (no amulet)
HPRegen 0.19/turn               q - +4 ring of protection
MPRegen 0.12/turn               (no ring)

@: exhausted, silenced, hasted, drained, curled up, very quick
A: large, rugged brown scales 3, see invisible, deformed body, hated by all,
inability to train dodging, roll 1, armoured tail, reflexive curl
a: Rolling Charge, Renounce Religion


You were on level 6 of the Dungeon.
You worshipped Ru.
Ru was most pleased with you.
You visited 1 branch of the dungeon, and saw 6 of its levels.

You collected 206 gold pieces.

Inventory:

Hand Weapons
 a - a +0 war axe (weapon)
 e - a +0 mace
 i - a +0 sling
 j - a +0 trident
 o - a +0 hand axe
Missiles
 d - 48 stones
 h - 2 javelins
Armour
 p - a +5 scale mail (worn)
 x - a +0 robe
Jewellery
 q - a +4 ring of protection (left hand)
 B - a ring of wizardry
Scrolls
 f - a scroll of blinking
 m - 4 scrolls of fear
 n - a scroll of immolation
 t - a scroll of magic mapping
 y - a scroll of enchant armour
 z - a scroll of vulnerability
 A - a scroll of teleportation {unknown}
Potions
 b - a potion of magic
 c - 2 potions of curing
 g - 2 potions of haste
 l - a potion of lignification {unknown}
 r - a potion of ambrosia {unknown}
 u - a potion of flight {unknown}
 w - 2 potions of brilliance


   Skills:
 + Level 5.7 Fighting
 + Level 5.2(5.4) Axes
 - Level 2.0(3.8) Maces & Flails
 + Level 1.4 Armour
 - Level 1.2 Stealth
 - Level 2.0 Spellcasting
 - Level 1.0 Transmutations
 - Level 2.4 Poison Magic


You had 7 spell levels left.
You knew the following spells:

 Your Spells              Type           Power      Damage    Failure   Level
a - Sting                 Tmut/Pois      28%        1d4       38%         1
b - Poisonous Vapours     Pois/Air       10%        N/A       58%         2

Your spell library contained the following spells:

 Spells                   Type           Power      Damage    Failure   Level
 Magic Dart               Conj           4%         1d3       63%         1
 Mephitic Cloud           Conj/Pois/Air  4%         N/A       87%         3
 Olgreb's Toxic Radiance  Pois           9%         N/A       97%         4
 Call Imp                 Summ           Unusable   N/A       N/A         2

Dungeon Overview and Level Annotations

Branches:
Dungeon (6/15)             Temple (0/1) D:4

Altars:
Dithmenos
Elyvilon
Okawaru
Ru
Vehumet
Zin
The Shining One

Annotations:
D:3 1 runed translucent door, Crazy Yiuf
D:6 Menkaure


Innate Abilities, Weirdness & Mutations

You are completely covered in rugged brown scales. (AC +3, +7% HP)
You have supernaturally acute eyesight. (SInv)
Armour fits poorly on your strangely shaped body.
You are hated by all.
You cannot train Dodging skill.
You can roll at nearby foes to attack.
You have a long armoured tail.
You curl defensively after being hit. (AC +7*)


Message History

You hit the orc.
You kill the orc!
The centaur wields a +0 shortbow.
The centaur shoots an arrow.
The arrow barely misses you.
Menkaure calls on the powers of darkness!
The centaur convulses!
Your body is wracked with pain!
The orc convulses!
The orc closely misses you.
The centaur unwields a +0 shortbow.
The centaur hits you but does no damage.
The centaur kicks you. The orc barely misses you.
An ice beast comes into view.
The centaur hits you.
You focus your inner power and illuminate the centaur in retribution!
The centaur kicks you but does no damage.
Items here: ))) [ †.
You hit the centaur but do no damage.
The centaur is severely wounded.
You closely miss the orc.
The centaur hits you but does no damage.
The centaur kicks you but does no damage.
You redirect the orc's attack!
The orc hits itself with a +0 trident.
The orc dies!
You slash Menkaure! You tail-slap Menkaure.
Menkaure is heavily damaged.
You hit the centaur but do no damage.
The centaur hits you but does no damage.
The centaur kicks you but does no damage.
Menkaure hits you!
* * * LOW HITPOINT WARNING * * *
The centaur barely misses you.
The centaur kicks you but does no damage.
Okay, then.
Okay, then.
You feel yourself speed up.
You redirect the centaur's attack!
The centaur barely misses itself.
The centaur kicks itself but does no damage.
Menkaure hits you!
You die...

#### ## #..
.# #######.#
#.# .......#
#.# #.##Y)#
#.#
#...M#####.#
##..c@.....#
#)#.#####..#
#....# #..#
...##.#
#..#### ....
#.# #.....#
##..! ...
#.###<# ...
### #.# #.#
.##. #.# )..
#.##...#


You could see an ice beast, Menkaure (fast) and a centaur (distracted, corona).

Vanquished Creatures
  Prince Ribbit (D:5)
  Sigmund (D:3)
  An ogre (D:5)
  A howler monkey (D:4)
  2 jellies (D:5)
  2 orc priests
  2 iguanas (D:5)
  An orc wizard (D:4)
  6 adders
  A white imp (D:5)
  An ufetubus (D:6)
  A worm (D:4)
  2 dart slugs (D:1)
  10 orcs
  6 bats
  5 endoplasms
  4 giant cockroaches
  7 goblins
  2 hobgoblins
  5 kobolds
  2 quokkas
  4 ball pythons
  3 frilled lizards
  3 rats
73 creatures vanquished.

Vanquished Creatures (others)
  2 orcs
  2 plants (D:3)
4 creatures vanquished.

Grand Total: 77 creatures vanquished

Notes
Turn   | Place    | Note
-------+----------+-------------------------------------------
     0 | D:1      | jt the Palentonga Venom Mage began the quest for the Orb.
     0 | D:1      | Reached XP level 1. HP: 13/13 MP: 3/3
   172 | D:1      | Found a faded altar of an unknown god.
   179 | D:1      | Prayed at the altar of an unknown god.
   179 | D:1      | Became a worshipper of Ru the Awakened
   183 | D:1      | Gained mutation: You are hated by all. [Ru sacrifice]
   183 | D:1      | Reached * piety under Ru
   183 | D:1      | Reached ** piety under Ru
   231 | D:1      | Reached skill level 1 in Fighting
   231 | D:1      | Reached skill level 1 in Maces & Flails
   231 | D:1      | Reached XP level 2. HP: 17/22 MP: 3/5
  1146 | D:2      | Reached XP level 3. HP: 28/28 MP: 4/6
  1602 | D:3      | Learned a level 2 spell: Poisonous Vapours
  1837 | D:3      | Found a runed translucent door.
  1838 | D:3      | Noticed Crazy Yiuf
  2123 | D:3      | Noticed Sigmund
  2144 | D:3      | Killed Sigmund
  2145 | D:3      | Reached XP level 4. HP: 29/39 MP: 7/7
  2145 | D:3      | Reached XP level 5. HP: 33/44 MP: 8/8
  2463 | D:4      | Found a radiant altar of Vehumet.
  2483 | D:4      | Reached XP level 6. HP: 49/51 MP: 9/9
  2799 | D:4      | Found a white marble altar of Elyvilon.
  2805 | D:4      | Found a glowing golden altar of the Shining One.
  2805 | D:4      | Found a glowing silver altar of Zin.
  2823 | D:4      | Gained mutation: You cannot train Dodging skill. [Ru
                  | sacrifice]
  2823 | D:4      | Reached *** piety under Ru
  2967 | D:4      | Found a staircase to the Ecumenical Temple.
  3084 | D:5      | Entered Level 5 of the Dungeon
  3256 | D:5      | Found an iron altar of Okawaru.
  3289 | D:5      | Found a shadowy altar of Dithmenos.
  3315 | D:5      | Noticed Prince Ribbit
  3356 | D:5      | Killed Prince Ribbit
  3357 | D:5      | Reached skill level 5 in Fighting
  3357 | D:5      | Gained mutation: You curl defensively after being hit. (AC
                  | +7*) [Palentonga growth]
  3357 | D:5      | Reached XP level 7. HP: 34/59 MP: 7/10
  4132 | D:5      | Found a sacrificial altar of Ru.
  4218 | D:5      | Reached skill level 5 in Axes
  4218 | D:5      | Reached skill level 1 in Armour
  4576 | D:6      | Noticed Menkaure
  4597 | D:6      | Slain by Menkaure

Illustrated notes

Levels and vault maps discovered:
D:1:      matt_arrival_diagonals, layout_basic, basic_ecumenical_altar
D:2:      layout_loops_ring
D:3:      layout_rooms, saegor_snake_ambush, uniq_sigmund,
          uniq_crazy_yiuf_cottage
D:4:      layout_basic, good_gods_mini_temple, lemuel_crystal_altar,
          minmay_temple_entry_nine_rooms
D:5:      layout_loops_ring, mainiacjoe_overflow_large_starburst,
          marbit_many_paths, chequers_serial_rivers_small_3,
          minmay_misc_feat_iff, abandoned_shop, uniq_prince_ribbit1
D:6:      layout_loops_ring, overflow_temple_1_default, lightli_temple_of_fire,
          overflow_temple_1_default, mainiacjoe_overflow_boulevard,
          uniq_menkaure

Skill      XL: |  1  2  3  4  5  6  7 |
---------------+----------------------+-----
Fighting       | 1 3 4 5 |  5.7
Maces & Flails | 1 2 |  2.0
Axes           | 3 4 5 |  5.2
Dodging        | 0 |  0.0
Armour         | 1 |  1.4
Stealth        | |  1.2
Spellcasting   | |  2.0
Transmutations | |  1.0
Poison Magic   | |  2.4

Action                   |  1- 3 |  4- 6 |  7- 9 || total
-------------------------+-------+-------+-------++-------
Melee: Mace              |    35 |       |       ||    35
       Punch             |     1 |       |       ||     1
       Tailslap          |    12 |    11 |     5 ||    28
       Hand axe          |    42 |    94 |       ||   136
       War axe           |       |    22 |    57 ||    79
Throw: Javelin           |       |     2 |       ||     2
       Stone             |       |     1 |     1 ||     2
 Cast: Sting             |    28 |     2 |     2 ||    32
Invok: Sacrifice Love    |     1 |       |       ||     1
       Draw Out Power    |       |     1 |     1 ||     2
       Sacrifice Nimblen |       |     1 |       ||     1
  Use: Scroll            |     5 |     3 |     2 ||    10
       Potion            |       |     1 |     3 ||     4
 Stab: Invisible         |       |     1 |     1 ||     2
Armor: Robe              |    20 |       |       ||    20
       Scale mail        |    22 |    73 |    34 ||   129
Dodge: Dodged            |    35 |    45 |    26 ||   106
